 Dungeon Crawl Stone Soup version 0.31-a0-196-g86fe4a5e66 (webtiles) character file.

Game seed: 15866999983792121654

13182 runemasterragnar the Grappler (level 11, 0/93 HPs)
             Began as a Black Draconian Transmuter on June 24, 2023.
             Was an Initiate of Gozag.
             Slain by a wyvern (5 damage)
             ... on level 10 of the Dungeon.
             The game lasted 00:19:02 (10813 turns).

runemasterragnar the Grappler (DrTm)               Turns: 10813, Time: 00:19:03

Health: 0/93       AC: 10    Str: 14    XL:     11   Next: 72%
Magic:  20/20      EV: 14    Int: 22    God:    Gozag
Gold:   1373       SH:  5    Dex: 11    Spells: 16/22 levels left

rFire   . . .        w - +5 short sword of Eshat {drain, Int+5}
rCold   . . .        (no shield)
rNeg    . . .        (body armour unavailable)
rPois   .            (helmet restricted)
rElec   +            J - +1 cloak {Stlth+}
rCorr   +            (no gloves)
SInv    .            e - +0 pair of boots
Will    +....        k - amulet of reflection
Stlth   ++           s - ring of willpower
HPRegen 0.35/turn    m - ring of resist corrosion
MPRegen 0.17/turn

%: reflection
@: about to teleport, slowed, very slow
A: breathe lightning, AC +7, unfitting armour, electricity resistance,
cold-blooded
a: Breathe Lightning, Renounce Religion, Potion Petition, Call Merchant, Bribe
Branch


You were on level 10 of the Dungeon.
You worshipped Gozag.
Gozag was most pleased with you.
You visited 2 branches of the dungeon, and saw 11 of its levels.

You collected 1779 gold pieces.
You paid 406 gold pieces to Gozag.

Inventory:

Hand Weapons
 i - a +3 dagger of speed
 w - the +5 short sword of Eshat (weapon) {drain, Int+5}
   (You took it off an orc on level 3 of the Dungeon)

   Int:       It affects your intelligence (+5).
Armour
 e - a +0 pair of boots (worn)
 J - a +1 cloak of stealth (worn)
Jewellery
 h - an amulet of magic regeneration
 k - an amulet of reflection (around neck)
 m - a ring of resist corrosion (right hand)
 s - a ring of willpower (left hand)
 t - a ring of willpower
 B - a ring of willpower
Wands
 p - a wand of flame (19)
 z - a wand of polymorph (11)
 D - a wand of paralysis (3)
 I - a wand of digging (5)
 K - a wand of mindburst (2)
Scrolls
 d - a scroll of fog
 o - a scroll of enchant armour
 v - a scroll of poison
 x - a scroll of immolation
 y - 2 scrolls of revelation
 E - a scroll of noise
Potions
 a - a potion of lignification
 b - 2 potions of brilliance
 c - 9 potions of curing
 g - a potion of might
 j - 2 potions of ambrosia
 l - 3 potions of enlightenment
 n - a potion of berserk rage {unknown}
 q - 3 potions of attraction
 u - a potion of mutation
 A - a potion of resistance
 F - a potion of invisibility
 L - a potion of haste


   Skills:
 + Level 7.7 Fighting
 + Level 6.5 Dodging
 * Level 10.1 Unarmed Combat
 + Level 6.4 Spellcasting
 + Level 6.0 Conjurations
 * Level 9.9 Transmutations
 - Level 0.5 Earth Magic


You had 16 spell levels left.
You knew the following spells:

 Your Spells              Type           Power      Damage    Failure   Level
a - Beastly Appendage     Tmut           100%       N/A       1%          1
b - Wereblood             Tmut           50%        N/A       1%          2
c - Stone Arrow           Conj/Erth      42%        3d9       7%          3

Your spell library contained the following spells:

 Spells                   Type           Power      Damage    Failure   Level
 Passwall                 Tmut/Erth      25%        N/A       1%          2
 Spider Form              Tmut/Pois      28%        N/A       3%          3
 Sandblast                Erth           18%        2d7       7%          1
 Apportation              Tloc           14%        N/A       9%          1
 Necrotise                Necr           28%        1d5       9%          1
 Summon Small Mammal      Summ           28%        N/A       9%          1
 Ice Form                 Ice/Tmut       28%        N/A       12%         4
 Tukima's Dance           Hex            7%         N/A       26%         3
 Yara's Violent Unravell  Hex/Tmut       14%        3d7       32%         5
 Passage of Golubria      Tloc           7%         N/A       65%         4


Dungeon Overview and Level Annotations

Branches:
Dungeon (10/15)            Temple (1/1) D:4            Lair (0/5) D:10
    Orc (0/2) D:10

Altars:
Ashenzari
Cheibriados
Dithmenos
Elyvilon
Fedhas
Gozag
Hepliaklqana
Kikubaaqudgha
Nemelex Xobeh
Okawaru
Qazlal
Ru
Sif Muna
Trog
Uskayaw
Vehumet
Xom
Yredelemnul
Zin
The Shining One


Innate Abilities, Weirdness & Mutations

You can breathe wild blasts of lightning.
Your glossy black scales are hard. (AC +7)
You cannot fit into any form of body armour.
You are resistant to electric shocks. (rElec)
You are cold-blooded and may be slowed by cold attacks.


Message History

The eight-headed hydra bites you.
* * * LOW HITPOINT WARNING * * *
The eight-headed hydra bites you but does no damage. x3
You block the eight-headed hydra's attack.
The eight-headed hydra closely misses you.
Unknown command.
You feel better.
Your surroundings suddenly seem different.
A two-headed ogre comes into view. It is wielding two +0 giant clubs.
Unknown command.
A manticore comes into view.
A wyvern comes into view.
A wyvern comes into view.
The wyvern hisses angrily. x2
The wyvern misses you. The wyvern barely misses you. x2
The wyvern attacks as you move away! The wyvern closely misses you. x2
The wyvern completely misses you. You block the wyvern's attack.
The wyvern closely misses you. The wyvern closely misses you.
The wyvern bites you.
* * * LOW HITPOINT WARNING * * *
The wyvern closely misses you. The wyvern attacks as you move away!
The wyvern bites you but does no damage.
The wyvern closely misses you. You block the wyvern's attack.
The wyvern closely misses you. The wyvern bites you.
* * * LOW HITPOINT WARNING * * *
The wyvern attacks as you move away! The wyvern misses you.
The wyvern barely misses you.
Okay, then.
As you read the scroll of teleportation, it crumbles to dust.
You feel strangely unstable. The wyvern barely misses you.
The wyvern closely misses you. The wyvern bites you.
* * * LOW HITPOINT WARNING * * *
The wyvern barely misses you. The wyvern bites you.
* * * LOW HITPOINT WARNING * * *
The wyvern attacks as you move away! The wyvern bites you.
* * * LOW HITPOINT WARNING * * *
The wyvern bites you.
You die...
Your body crumbles into a pile of gold.

******########################
#...,,........l...............
#...,,.......@lH..............
#..#**##########.#############
#..# #.#############
#..#############H.............
#.............................
#............................#
#<.........................O##
#............(.......########,
#....................#,,,* *,,


You could see a manticore and 2 wyverns.

Vanquished Creatures
  A hydra (D:10)
  3 two-headed ogres (D:10)
  A tengu warrior (D:10)
  An ugly thing (D:10)
  A cyclops (D:10)
  Maggie (D:8)
  2 kobold demonologists (D:10)
  2 trolls (D:10)
  A hornet (D:10)
  Grinder (D:3)
  A wraith (D:10)
  Sigmund (D:5)
  2 wyverns (D:9)
  8 yaks
  A vampire mosquito (D:10)
  2 wargs (D:10)
  6 water moccasins
  7 orc warriors
  An ice beast (D:5)
  3 black bears
  4 sky beasts
  2 ogres
  7 centaurs
  A phantom (D:5)
  A kobold brigand (D:10)
  A bullfrog (D:7)
  3 scorpions
  10 wights (D:8)
  13 killer bees
  An electric eel (D:8)
  3 howler monkeys (D:8)
  8 orc priests
  2 hounds
  4 jellies
  A gnoll bouda (D:8)
  4 iguanas
  Ijyb (D:3)
  12 orc wizards
  4 sleepcaps
  17 adders
  5 gnolls (D:8)
  3 ufetubi
  3 worms (D:2)
  38 orcs
  12 ball pythons
  7 bats
  9 endoplasms
  6 giant cockroaches
  11 goblins
  10 hobgoblins
  A jackal (D:5)
  6 quokkas
  5 frilled lizards
  A kobold (D:4)
  7 rats
269 creatures vanquished.

Notes
Turn   | Place    | Note
-------+----------+-------------------------------------------
     0 | D:1      | runemasterragnar the Draconian Transmuter began the quest
                  | for the Orb.
     0 | D:1      | Reached XP level 1. HP: 16/16 MP: 3/3
   147 | D:1      | Reached XP level 2. HP: 23/23 MP: 3/5
   541 | D:1      | Learned a level 2 spell: Wereblood
   673 | D:2      | Reached XP level 3. HP: 22/28 MP: 6/6
   974 | D:2      | Reached XP level 4. HP: 36/36 MP: 5/7
  1116 | D:2      | Found a faded altar of an unknown god.
  1642 | D:3      | Noticed Ijyb
  1656 | D:3      | Killed Ijyb
  1657 | D:3      | Reached XP level 5. HP: 28/41 MP: 8/8
  1734 | D:3      | Noticed Grinder
  1736 | D:3      | Learned a level 3 spell: Stone Arrow
  1753 | D:3      | Paralysed by Grinder for 5 turns
  1765 | D:3      | Killed Grinder
  1766 | D:3      | Reached skill level 4 in Unarmed Combat
  1766 | D:3      | Reached XP level 6. HP: 30/50 MP: 7/10
  2040 | D:3      | Identified the +5 short sword of Eshat {drain, Int+5}
  2076 | D:3      | Found a shimmering altar of Xom.
  2077 | D:3      | Found a blossoming altar of Fedhas.
  2317 | D:3      | Found an ancient bone altar of Kikubaaqudgha.
  2419 | D:4      | Your scales start taking on a glossy black colour.
  2419 | D:4      | Reached XP level 7. HP: 52/57 MP: 11/11
  2419 | D:4      | Gained mutation: You are resistant to electric shocks.
                  | (rElec) [Black Draconian growth]
  2464 | D:4      | Found a large runed translucent door.
  2464 | D:4      | Found a large runed translucent door.
  2579 | D:4      | Reached skill level 1 in Conjurations
  2591 | D:4      | Found a white marble altar of Elyvilon.
  2736 | D:4      | Found a staircase to the Ecumenical Temple.
  2789 | Temple   | Entered the Ecumenical Temple
  2856 | Temple   | Became a worshipper of Gozag Ym Sagoz the Greedy
  2934 | D:4      | Reached skill level 5 in Unarmed Combat
  3316 | D:4      | Found a shimmering blue altar of Sif Muna.
  3319 | D:4      | Found a hide-covered altar of Uskayaw.
  3364 | D:5      | Entered Level 5 of the Dungeon
  3407 | D:5      | Noticed Sigmund
  3727 | D:5      | Reached skill level 5 in Transmutations
  3757 | D:5      | Reached XP level 8. HP: 24/66 MP: 11/13
  4032 | D:5      | Reached skill level 6 in Unarmed Combat
  4049 | D:5      | Killed Sigmund
  4133 | D:5      | Found a radiant altar of Vehumet.
  4756 | D:6      | Reached XP level 9. HP: 64/73 MP: 15/15
  5168 | D:6      | Reached skill level 5 in Fighting
  5472 | D:6      | Found a sparkling altar of Nemelex Xobeh.
  5762 | D:7      | Reached skill level 7 in Unarmed Combat
  5807 | D:7      | HP: 3/74 [orc priest/divine providence (12)]
  7025 | D:8      | Reached skill level 5 in Dodging
  7095 | D:8      | Found a glowing silver altar of Zin.
  7105 | D:8      | Noticed Maggie
  7136 | D:8      | Killed Maggie
  7223 | D:8      | Reached skill level 5 in Spellcasting
  7223 | D:8      | Reached XP level 10. HP: 77/83 MP: 17/17
  7366 | D:8      | Reached skill level 8 in Unarmed Combat
  7499 | D:8      | HP: 4/83 [poisoned by a killer bee]
  8224 | D:8      | Found an iron altar of Okawaru.
  9539 | D:9      | Found a snail-covered altar of Cheibriados.
  9610 | D:10     | Entered Level 10 of the Dungeon
  9634 | D:10     | Reached skill level 5 in Conjurations
  9638 | D:10     | Reached skill level 9 in Unarmed Combat
  9815 | D:10     | Noticed a green ugly thing
  9816 | D:10     | Noticed a two-headed ogre
  9836 | D:10     | Killed a green ugly thing
  9837 | D:10     | Reached XP level 11. HP: 51/91 MP: 19/19
  9840 | D:10     | Noticed a two-headed ogre
  9841 | D:10     | Killed a two-headed ogre
  9845 | D:10     | Killed a two-headed ogre
  9848 | D:10     | Noticed a tengu warrior
  9852 | D:10     | Noticed a four-headed hydra
  9853 | D:10     | Killed a tengu warrior
  9858 | D:10     | Killed a four-headed hydra
  9875 | D:10     | Noticed a two-headed ogre
  9890 | D:10     | Noticed a two-headed ogre
 10100 | D:10     | Found a staircase to the Lair.
 10342 | D:10     | Killed a two-headed ogre
 10343 | D:10     | Reached skill level 10 in Unarmed Combat
 10471 | D:10     | Noticed an orc knight
 10790 | D:10     | Noticed an eight-headed hydra
 10797 | D:10     | Noticed a two-headed ogre
 10813 | D:10     | Slain by a wyvern

Illustrated notes

Levels and vault maps discovered:
D:1:      kennysheep_arrival_forest, layout_basic
D:2:      layout_basic, nicolae_ecumenical_oubliette, grunt_ministairs_11,
          minmay_snake_closets
D:3:      layout_basic, marbit_many_paths, gammafunk_temple_overflow_pools,
          uniq_ijyb, uniq_grinder
D:4:      layout_loops_ring, elyvilon_altar_5, jmf_multi_god_temple2,
          minmay_temple_entry_antechambers, grunt_decor_one_mirror
D:5:      layout_cave_pools, overflow_temple_1_default, serial_glass,
          glass_columns_a, glass_columns_b, hangedman_minor_gate_pass,
          uniq_sigmund
D:6:      minmay_spotlight, layout_layer_cave, kennysheep_mini_moat
D:7:      layout_basic
D:8:      layout_rooms, mainiacjoe_overflow_tiny_flanked,
          okawaru_ov_weapons_minmay, minivault_4,
          eino_small_chamber_without_monster, st_stairs_13, grunt_ministairs_13,
          uniq_maggie
D:9:      layout_roguey, lemuel_tele_altar
D:10:     minmay_the_grid_octo_tiled_squarecenter
          [minmay_the_grid_octo_odd_swirl, minmay_the_grid_octo_horde,
          minmay_the_grid_octo_clover, minmay_the_grid_octo_pinwheel,
          minmay_the_grid_square_5x5_megaprize_crossed,
          minmay_the_grid_square_5x5_inverted_slash,
          minmay_the_grid_square_5x5_tri_point,
          minmay_the_grid_square_5x5_pentomino_r,
          minmay_the_grid_square_5x5_two_walls_a], layout_long_grid,
          lemuel_doored_altar, minmay_orc_entry_guard_dogs
Temple:   eino_wide_crystal_templ

Skill      XL: |  1  2  3  4  5  6  7  8  9 10 11 |
---------------+----------------------------------+-----
Dodging        | 2 3 4 5 6 |  6.5
Fighting       | 2 3 4 5 6 7 |  7.7
Transmutations | 3 4 5 6 7 8 9 |  9.9
Unarmed Combat | 4 5 6 7 9 10 | 10.1
Spellcasting   | 3 4 5 6 |  6.4
Conjurations   | 1 3 4 5 6 |  6.0
Earth Magic    | |  0.5

Action                     |  1- 3 |  4- 6 |  7- 9 | 10-12 || total
---------------------------+-------+-------+-------+-------++-------
  Melee: Unarmed           |   108 |   118 |       |       ||   226
         Kick              |    14 |    23 |    65 |    98 ||   200
         Headbutt          |     8 |    18 |    36 |    54 ||   116
         Tailslap          |     7 |     6 |    35 |    63 ||   111
         Punch             |     2 |       |     7 |    24 ||    33
         Short sword       |       |    28 |   287 |   322 ||   637
   Cast: Beastly Appendage |    21 |    34 |    36 |    23 ||   114
         Wereblood         |       |     2 |     5 |    13 ||    20
         Stone Arrow       |       |       |     2 |     5 ||     7
 Invoke: Potion Petition   |       |       |       |     1 ||     1
Ability: Breathe Lightning |       |       |    12 |     9 ||    21
  Evoke: Wand              |       |       |     2 |     4 ||     6
    Use: Scroll            |       |     3 |     7 |    14 ||    24
         Potion            |       |     1 |     1 |     7 ||     9
   Stab: Sleeping          |     4 |       |     2 |       ||     6
         Paralysed         |       |       |     4 |       ||     4
         Distracted        |       |       |       |     6 ||     6
 Armour: Skin              |    35 |    38 |    91 |    80 ||   244
  Dodge: Dodged            |    70 |    63 |   162 |   234 ||   529
  Block: Other             |     2 |    26 |    65 |    86 ||   179
         Reflection        |       |     2 |     1 |     3 ||     6

Table legend: (Time is in decaauts)
 A = Elapsed time spent in this place.
 B = Non-inter-level travel time spent in this place.
 C = Inter-level travel time spent in this place.
 D = Time resting spent in this place.
 E = Time spent auto-exploring this place.
 F = Levels seen in this place.
 G = Mean time per level.
                   A        B        C        D        E       F      G
               +--------+--------+--------+--------+--------+-----+--------+
         Total |  10830 |  10546 |    284 |    677 |   7703 |  11 |  984.5 |
       Dungeon |  10740 |  10478 |    262 |    677 |   7665 |  10 | 1074.0 |
        Temple |     89 |     67 |     22 |      0 |     38 |   1 |   89.0 |
               +--------+--------+--------+--------+--------+-----+--------+

Top non-repeatable levels by time:
     D:8: 1589 daAuts
     D:4: 1313 daAuts
    D:10: 1228 daAuts
     D:7: 1216 daAuts
     D:6: 1126 daAuts
     D:9: 1063 daAuts
     D:2: 964 daAuts
     D:5: 807 daAuts
     D:3: 793 daAuts
     D:1: 635 daAuts
  Temple: 89 daAuts
